 Dungeon Crawl Stone Soup version 0.28.0-1-gb440e238dd (webtiles) character file.

Game seed: 17682910583760736036

1226 Crownlay the Cleaver (level 8, -7/71 HPs)
             Began as a Hill Orc Fighter on Feb 20, 2022.
             Mangled by a two-headed ogre (26 damage)
             ... on level 5 of the Dungeon.
             The game lasted 00:16:39 (6859 turns).

Crownlay the Cleaver (Hill Orc Fighter)             Turns: 6859, Time: 00:16:40

Health: -7/71      AC:  6    Str: 19    XL:     8   Next: 47%
Magic:  12/12      EV: 13    Int:  8    God:
Gold:   206        SH:  4    Dex: 10    Spells: 7/7 levels left

rFire   . . .      SeeInvis .   a - +0 war axe
rCold   + . .      Faith    .   c - +0 buckler
rNeg    + + +      Spirit   .   b - +0 scale mail
rPois   .          Reflect  .   (no helmet)
rElec   .          Harm     .   (no cloak)
rCorr   .          Rampage  .   (no gloves)
Will    .....                   (no boots)
Stlth   +.........              i - amulet "Seetol" {Acrobat rC+ rN+++ Str-2 Stlth+}
HPRegen 0.21/turn               m - +4 ring of evasion
MPRegen 0.13/turn               (no ring)

@: no status effects
A: no striking features
a: no special abilities


You were on level 5 of the Dungeon.
You visited 1 branch of the dungeon, and saw 6 of its levels.

You collected 206 gold pieces.

Inventory:

Hand Weapons
 a - a +0 war axe (weapon)
Armour
 b - a +0 scale mail (worn)
 c - a +0 buckler (worn)
Jewellery
 i - the amulet "Seetol" (around neck) {Acrobat rC+ rN+++ Str-2 Stlth+}
   (You found it on level 3 of the Dungeon)

   [amulet of the acrobat]

   It increases your evasion while moving and waiting.
   Str:       It affects your strength (-2).
   rC:        It protects you from cold.
   rN:        It renders you almost immune to negative energy.
   Stlth:     It makes you more stealthy.
 m - a +4 ring of evasion (left hand)
Scrolls
 k - 2 scrolls of torment
 n - a scroll of blinking {unknown}
 o - a scroll of enchant weapon {unknown}
 p - 2 scrolls of fear {unknown}
 q - a scroll of amnesia {unknown}
 r - a scroll of teleportation {unknown}
Potions
 d - 2 potions of might
 e - 2 potions of mutation {unknown}
 f - 2 potions of haste {unknown}
 g - 4 potions of curing
 h - 3 potions of attraction
 j - a potion of berserk rage {unknown}
 l - 3 potions of heal wounds
 s - a potion of brilliance


   Skills:
 + Level 6.7 Fighting
 * Level 9.4 Axes
 - Level 3.2 Armour
 - Level 4.0 Shields
 + Level 6.0 Invocations


You had 7 spell levels left.
You didn't know any spells.
Your spell library contained the following spells:

 Spells                   Type           Power      Damage    Failure   Level
 Freeze                   Ice            0%         1d3       86%         1
 Frozen Ramparts          Ice            0%         1d2       99%         3
 Hailstorm                Conj/Ice       0%         3d3       100%        4
 Fireball                 Conj/Fire      0%         3d3       100%        5
 Iskenderun's Battlesphe  Conj           0%         2d6       100%        5
 Conjure Ball Lightning   Conj/Air       0%         3x3d6     100%        6
 Orb of Destruction       Conj           0%         9d5       100%        7


Dungeon Overview and Level Annotations

Branches:
Dungeon (6/15)
 Temple: D:4-7

Altars:
Sif Muna
Uskayaw


Message History

You see here a +0 robe.
The two-headed ogre completely misses you. x2
The two-headed ogre barely misses you.
The two-headed ogre completely misses you.
You see here a +0 robe.
There is a stone staircase leading down here.
Unknown command.
The two-headed ogre completely misses you. x2
The two-headed ogre closely misses you. x2
You slash the two-headed ogre!
The two-headed ogre is moderately wounded.
You block the two-headed ogre's attack.
The two-headed ogre hits you with a +0 giant club!
You hit the two-headed ogre.
The two-headed ogre is moderately wounded.
You barely miss the two-headed ogre.
The two-headed ogre is moderately wounded.
The two-headed ogre barely misses you.
The two-headed ogre hits you with a +0 giant club!!
* * * LOW HITPOINT WARNING * * *
There is a stone staircase leading down here.
You hit the two-headed ogre.
The two-headed ogre is lightly wounded.
The two-headed ogre hits you but does no damage.
The two-headed ogre hits you with a +0 giant club.
You barely miss the two-headed ogre.
The two-headed ogre is lightly wounded.
The two-headed ogre completely misses you.
The two-headed ogre barely misses you.
You slash the two-headed ogre!
The two-headed ogre is moderately wounded.
You hit the two-headed ogre.
The two-headed ogre is heavily wounded.
The two-headed ogre closely misses you.
The two-headed ogre hits you with a +0 giant club!
* * * LOW HITPOINT WARNING * * *
You hit the two-headed ogre.
The two-headed ogre is heavily wounded.
The two-headed ogre hits you with a +0 giant club!!
You die...

........###########......[..#
.........>##............#####
.######.#.##.##.#.....#.# ######
.# #.#.#.....#.###.#.## #..... .#
#.#.#..#....# #....###..... .#
#.........#.###........#### .#
#.#.#...........>....#.#
.######.#.#....###..##...#(#.#
............#..O@...##...#[#.###
.######.#......##...##...#.#...##
.# #.......................... .#
#..........##..#...###..... ##
####...............# #..... #
#.......##..#.#.###..... #
#.......##..#.........## #
#..##.###...##...##...#
##########..##.....#......###.##


You could see a two-headed ogre.

Vanquished Creatures
  A shadow (D:5)
  A water moccasin (D:5)
  An ogre (D:5)
  A centaur (D:5)
  A scorpion (D:4)
  2 water moccasin skeletons (D:4)
  A howler monkey (D:4)
  An orc priest (D:4)
  A gnoll shaman (D:5)
  2 hounds
  A jelly (D:5)
  2 iguanas (D:5)
  A scorpion zombie (D:5)
  Natasha (thrice) (D:4)
  An orc wizard (D:4)
  A hound zombie (D:5)
  6 gnolls
  9 adders
  A white imp (D:6)
  An ufetubus (D:4)
  2 worms
  5 dart slugs
  6 orcs
  3 ball pythons
  6 bats
  5 endoplasms
  4 giant cockroaches
  7 goblins
  12 hobgoblins
  2 jackals (D:1)
  14 kobolds
  A quokka (D:1)
  7 frilled lizards
  10 rats
122 creatures vanquished.

Notes
Turn   | Place    | Note
-------+----------+-------------------------------------------
     0 | D:1      | Crownlay the Hill Orc Fighter began the quest for the Orb.
     0 | D:1      | Reached XP level 1. HP: 19/19 MP: 1/1
    20 | D:1      | Reached skill level 3 in Axes
    98 | D:1      | Reached XP level 2. HP: 24/26 MP: 2/2
   206 | D:1      | Reached skill level 1 in Invocations
   206 | D:1      | Reached XP level 3. HP: 33/33 MP: 3/3
   720 | D:1      | Reached skill level 4 in Axes
   952 | D:2      | Found a faded altar of an unknown god.
  1227 | D:2      | Reached XP level 4. HP: 40/40 MP: 5/5
  1839 | D:3      | Identified the amulet "Seetol" {Acrobat rC+ rN+++ Str-2
                  | Stlth+}
  2057 | D:3      | Reached XP level 5. HP: 39/46 MP: 6/6
  2264 | D:3      | Reached skill level 5 in Axes
  2957 | D:4      | Noticed Natasha
  2964 | D:4      | Killed Natasha
  2965 | D:4      | Reached XP level 6. HP: 42/53 MP: 8/8
  3121 | D:4      | Reached skill level 6 in Axes
  3277 | D:4      | Reached skill level 5 in Fighting
  3502 | D:4      | Noticed Natasha
  3513 | D:4      | Killed Natasha
  3515 | D:4      | Noticed Natasha
  3523 | D:4      | Killed Natasha
  3968 | D:4      | Reached skill level 7 in Axes
  3968 | D:4      | Reached XP level 7. HP: 61/61 MP: 10/10
  4706 | D:5      | Entered Level 5 of the Dungeon
  4706 | D:5      | Noticed a shadow
  5151 | D:5      | Reached skill level 8 in Axes
  5151 | D:5      | Reached skill level 5 in Invocations
  5321 | D:5      | Reached XP level 8. HP: 34/70 MP: 11/11
  5819 | D:5      | Killed a shadow
  5820 | D:5      | Reached skill level 9 in Axes
  6029 | D:5      | Found a hide-covered altar of Uskayaw.
  6497 | D:5      | Found a shimmering blue altar of Sif Muna.
  6588 | D:6      | Noticed a two-headed ogre
  6683 | D:5      | HP: 3/71 [two-headed ogre (24)]
  6859 | D:5      | Mangled by a two-headed ogre

Illustrated notes

Levels and vault maps discovered:
D:1:      dpeg_arrival_short_road, layout_basic, minmay_tiny_reverse_x
D:2:      layout_loops_ring, ebering_ecumenical_altar_rust
D:3:      layout_loops_cross
D:4:      layout_basic, minmay_goblin_kobold_house, uniq_natasha
D:5:      layout_loops_ring, lemuel_blue_sif_altar, lemuel_tele_altar
D:6:      layout_loops_cross, minmay_temple_entry_statues_pillars, serial_shops,
          nicolae_shop_hallway_plus

Skill      XL: |  1  2  3  4  5  6  7  8 |
---------------+-------------------------+-----
Axes           | 3 4 5 7 8 9 |  9.4
Invocations    | 1 2 3 4 5 6 |  6.0
Fighting       | 4 5 6 |  6.7
Shields        | 4 |  4.0
Armour         | |  3.2

Action                   |  1- 3 |  4- 6 |  7- 9 || total
-------------------------+-------+-------+-------++-------
Melee: War axe           |   104 |   209 |   133 ||   446
  Use: Scroll            |       |       |     3 ||     3
Armor: Scale mail        |    59 |    72 |    39 ||   170
Dodge: Dodged            |    45 |    94 |   111 ||   250
Block: Buckler           |    19 |    40 |    20 ||    79
